 Dungeon Crawl Stone Soup version 0.21-a0-474-g05767a10c8 (webtiles) character file.

29 Kaname the Magician (level 3, 17/24 HPs)
             Began as a Demonspawn Wizard on Nov 22, 2017.
             Quit the game on level 1 of the Dungeon.
             The game lasted 00:02:45 (1007 turns).

Kaname the Magician (Demonspawn Wizard)             Turns: 1007, Time: 00:02:46

Health: 17/24      AC:  4    Str:  7    XL:     3   Next: 1%
Magic:  7/7        EV: 12    Int: 20    God:
Gold:   23         SH:  0    Dex: 11    Spells: 5/8 levels left

rFire    + . .     SeeInvis .   g - +1 mace (crush)
rCold    . . .     Gourm    .   (no shield)
rNeg     . . .     Faith    .   a - +0 robe
rPois    .         Spirit   .   b - +0 hat
rElec    .         Reflect  .   (no cloak)
rCorr    .         Harm     .   (no gloves)
MR       .....                  (no boots)
Stlth    ++........             (no amulet)
HPRegen  0.08/turn              (no ring)
MPRegen  0.10/turn              (no ring)

@: no status effects
A: yellow scales 1, fire resistance 1
a: no special abilities


You were on level 1 of the Dungeon.
You were not hungry.

You visited 1 branch of the dungeon, and saw 1 of its levels.

You collected 23 gold pieces.

Inventory:

Hand Weapons
 g - a +1 mace of crushing (weapon)
Armour
 a - a +0 robe (worn)
 b - a +0 hat (worn)
Scrolls
 f - a scroll of remove curse {unknown}
Potions
 e - a potion of degeneration {unknown}
 h - a potion of cancellation {unknown}
Books
 c - a book of Minor Magic

   Spells                             Type                      Level
   a - Magic Dart                     Conjuration                  1
   b - Blink                          Translocation                2
   c - Call Imp                       Summoning                    2
   d - Slow                           Hexes                        2
   e - Conjure Flame                  Conjuration/Fire             3
   f - Mephitic Cloud                 Conjuration/Poison/Air       3
Comestibles
 d - 2 bread rations


   Skills:
 - Level 1.7 Dodging
 - Level 1.7 Stealth
 - Level 3.0 Spellcasting
 + Level 3.0 Conjurations
   Level 1.0 Summonings
 - Level 0.8 Translocations


You had 5 spell levels left.
You knew the following spells:

 Your Spells              Type           Power        Failure   Level  Hunger
a - Magic Dart            Conj           ###.         4%          1    None
b - Blink                 Tloc           N/A          16%         2    ##.....


Dungeon Overview and Level Annotations

Branches:
Dungeon (1/15)

Altars:


Innate Abilities, Weirdness & Mutations

You are partially covered in yellow scales. (AC +2)
Your flesh is heat resistant. (rF+)


Message History

No target in view!
No target in view!
A jackal comes into view.
There are monsters nearby!
The jackal barks!
The goblin shouts!
You hear a shout!
The goblin barely misses you.
You closely miss the goblin. The goblin barely misses you.
You hit the goblin.
The goblin is severely wounded.
The jackal bites you. The goblin hits you with a dagger.
The jackal bites you but does no damage.
You hit the goblin.
You kill the goblin!
You have reached level 3!
Your experience leads to an increase in your attributes!
Increase (S)trength, (I)ntelligence, or (D)exterity?
You feel clever.
Your demonic ancestry asserts itself...
Yellow scales grow over part of your body.
The jackal misses you. The jackal bites you.
Are you sure you want to abandon this character and quit the game? (Confirm with "yes".)

## #.# # #.# # #.# # ..#
# ###### ########.# #
.....# #......).##
.###.######.####@h..# #
.#...............##....#
####.##
.#.#...†.........# ###
.......
.#...######.#........
....... .##.##
#.#.####### ####.##
.#...## #.#.# #.##
..†...### #.#.#
###♣♣######... ........#
#.#.# #≈........###.
......#.# #.#.#
##.....÷♣...##.


You could see a jackal.

Vanquished Creatures
  An ooze (D:1)
  A dart slug (D:1)
  3 bats (D:1)
  A giant cockroach (D:1)
  3 goblins (D:1)
  6 hobgoblins (D:1)
  A frilled lizard (D:1)
  A kobold (D:1)
  4 rats (D:1)
21 creatures vanquished.

Notes
Turn   | Place    | Note
-------+----------+-------------------------------------------
     0 | D:1      | Kaname the Demonspawn Wizard began the quest for the Orb.
     0 | D:1      | Reached XP level 1. HP: 13/13 MP: 4/4
   550 | D:1      | Gained mutation: Your flesh is heat resistant. (rF+) [demonic ancestry]
   550 | D:1      | Reached XP level 2. HP: 8/19 MP: 0/6
   725 | D:1      | Learned a level 2 spell: Blink
  1006 | D:1      | Gained mutation: You are partially covered in yellow scales. (AC +2) [demonic ancestry]
  1006 | D:1      | Reached XP level 3. HP: 18/24 MP: 7/7
  1007 | D:1      | Quit the game

Vault maps used:
D:1:      nzn_arrival_settlement, minmay_hexomino_u4

Skill      XL: |  1  2 |
---------------+-------+-----
Conjurations   | 2 3 |  3.0
Dodging        | |  1.7
Stealth        | |  1.7
Spellcasting   | |  3.0
Summonings     | |  1.0
Translocations | |  0.8

Action                   || total
-------------------------++-------
Melee: Unarmed           ||    38
       Club              ||    19
       Mace              ||     9
 Cast: Magic Dart        ||    35
Armor: Robe              ||    10
Dodge: Dodged            ||    53

Table legend:
 A = Spawn XP
 B = Non-spawn XP
 C = Spawn XP percentage of total XP
 D = Spawn monster count
 E = Non-spawn monster count
 F = Spawn count percentage of total count
 G = Total turns spent on level
                    A         B        C        D         E        F      G
               +---------+---------+-------+---------+---------+-------+---------
         Total |       0 |      42 |   0.0 |       0 |      21 |   0.0 |  1007
               +---------+---------+-------+---------+---------+-------+---------
           D:1 |       0 |      42 |   0.0 |       0 |      21 |   0.0 |  1007
               +---------+---------+-------+---------+---------+-------+---------
